 Dungeon Crawl Stone Soup version 0.16-a0-3946-g4f19e5c (webtiles) character file.

103 Ololoev the Poker (level 4, 0/33 HPs)
             Began as a Mummy Skald on Feb 9, 2015.
             Slain by Purgy (4 damage)
             ... on level 2 of the Dungeon.
             The game lasted 00:10:14 (2608 turns).

Ololoev the Poker (Mummy Skald)                     Turns: 2608, Time: 00:10:14

Health: 0/33       AC:  4    Str: 15    XL:     4   Next: 51%
Magic:  4/7        EV: 12    Int: 12    God:
Gold:   104        SH:  0    Dex: 11    Spells: 3 memorised, 2 levels left

rFire  x . .     SeeInvis .     a - +0 spear
rCold  + . .     Clarity  .     b - +1 leather armour
rNeg   + + +     SustAb   .     (no shield)
rPois  ∞         Gourm    .     (no helmet)
rElec  .         Spirit   .     (no cloak)
rCorr  .         Warding  .     (no gloves)
rMut   .         Stasis   .     (no boots)
MR     .....                    (no amulet)
Stlth  +.........               (no ring)
                                (no ring)

@: very slightly contaminated, not resistant to hostile enchantments, very
unstealthy
A: no food or potions, fire vulnerability, restore body, cold resistance 1,
negative energy resistance 3, poison resistance, torment resistance, unbreathing
a: no special abilities


You were on level 2 of the Dungeon.
You were not hungry.

You visited 1 branch of the dungeon, and saw 3 of its levels.

You collected 104 gold pieces.

Notes
Turn   | Place    | Note
--------------------------------------------------------------
     0 | D:1      | Ololoev, the Mummy Skald, began the quest for the Orb.
     0 | D:1      | Reached XP level 1. HP: 16/16 MP: 3/3
    56 | D:1      | Reached skill level 1 in Dodging
    56 | D:1      | Reached XP level 2. HP: 19/22 MP: 4/4
   588 | D:2      | Found a sparkling altar of Nemelex Xobeh.
   754 | D:2      | Learned a level 2 spell: Shroud of Golubria
   757 | D:2      | Learned a level 2 spell: Song of Slaying
   823 | D:2      | Reached XP level 3. HP: 20/27 MP: 0/6
  1866 | D:3      | Reached skill level 3 in Polearms
  1866 | D:3      | Reached XP level 4. HP: 19/33 MP: 1/7
  2261 | D:3      | Noticed Purgy
  2608 | D:2      | Slain by Purgy

Inventory:

Hand weapons
 a - a +0 spear (weapon)
Armour
 b - a +1 leather armour (worn)
Scrolls
 f - 2 scrolls of identify
 i - 3 scrolls of remove curse
Books
 c - a book of Battle

   Spells                             Type                      Level
   a - Infusion                       Charms                       1
   b - Shroud of Golubria             Charms/Translocation         2
   c - Song of Slaying                Charms                       2
   d - Spectral Weapon                Hexes/Charms                 3
   e - Regeneration                   Charms/Necromancy            3

Table legend:
 A = Turns spent in this place as a percentage of turns spent in the entire game.
 B = Non-inter-level travel turns spent in this place as a percentage of non-inter-level travel turns spent in the entire game.
 C = Inter-level travel turns spent in this place as a percentage of turns spent in this place.
 D = Turns resting spent in this place as a percentage of non-inter-level travel turns spent in this place.
 E = Turns spent auto-exploring this place as a percentage of non-inter-level travel turns spent in this place.
 F = Non-inter-level travel turns spent in this place divided by the number of levels of this place that you've seen.
                   A       B       C       D       E      F
               +-------+-------+-------+-------+-------+----------------------
         Total | 100.0 | 100.0 |   0.6 |   6.1 |  10.2 | 212.7
       Dungeon | 100.0 | 100.0 |   0.6 |   6.1 |  10.2 | 212.7
               +-------+-------+-------+-------+-------+----------------------


   Skills:
 - Level 2.0 Fighting
 * Level 3.4 Polearms
 - Level 0.7 Armour
 - Level 2.0 Dodging
 - Level 2.0 Spellcasting
 - Level 2.4 Charms


You had 2 spell levels left.
You knew the following spells:

 Your Spells              Type           Power        Failure   Level  Hunger
a - Infusion              Chrm           #.....       14%         1    N/A
b - Shroud of Golubria    Chrm/Tloc      #.........   34%         2    N/A
c - Song of Slaying       Chrm           #.......     21%         2    N/A

Dungeon Overview and Level Annotations

Branches:
Dungeon (3/15)

Altars:
Nemelex Xobeh

Annotations:
D:2 Purgy


Innate Abilities, Weirdness & Mutations

You do not eat or drink.
Your flesh is vulnerable to fire.
Your flesh is cold resistant.
You are immune to negative energy.
Your system is resistant to poisons.
You are immune to unholy pain and torment.
You can survive without breathing.


Message History

Casting: Shroud of Golubria
Confirm with . or Enter, or press ? or * to list all spells.
Space distorts slightly along a thin shroud covering your body.
Purgy barely misses you. Purgy closely misses you. Purgy barely misses you.
You hit Purgy but do no damage. You closely miss Purgy.
Purgy hisses, "I bite!"
Purgy bites you but does no damage. Purgy barely misses you.
Purgy barely misses you.
You hit Purgy.
Purgy is lightly wounded.
Purgy closely misses you. x2
Purgy claws you but does no damage.
You closely miss Purgy.
Purgy is lightly wounded.
Your shroud begins to fray at the edges.
Your shroud bends Purgy's attack away.
Purgy closely misses you. Purgy closely misses you.
You hit Purgy.
Purgy is lightly wounded.
Purgy barely misses you. Purgy closely misses you. Purgy completely misses you.
You hit Purgy.
Purgy is moderately wounded.
Purgy bites you. Purgy barely misses you. Purgy claws you but does no damage.
You barely miss Purgy.
Purgy is moderately wounded.
Purgy bites you. Purgy claws you but does no damage. Purgy barely misses you.
You hit Purgy.
Purgy is moderately wounded.
Purgy bites you. Purgy claws you but does no damage.
Purgy claws you but does no damage.
You closely miss Purgy.
Purgy is moderately wounded.
Purgy bites you but does no damage. Purgy claws you but does no damage.
Your shroud bends Purgy's attack away.
You hit Purgy.
Purgy is moderately wounded.
Your shroud unravels.
Purgy closely misses you. Purgy claws you.
You die...

♣..## #..# #.....###.####
.>.# #..# #.##### #.# ♣..##
#..# #.# #.# #...#
##..###.## #.# ##..♣###
#...##...# #.####
##....#######........#
#..... ##♣#...........##...#
##....
#..####.###T###.########.###
#..# #.# #@# #..........#
#..# #.# #.# ###.########
#..####.###.## ##.##
#.....#.##...###...#
#..................#
###......###...###...#
#........# #..## ##.##
####.#..#...###..# #.#
#.......###......# #.#


You could see Purgy.

Table legend:
 A = Kills in this place as a percentage of kills in entire the game.
 B = Kills by you in this place as a percentage of kills by you in the entire game.
 C = Kills by friends in this place as a percentage of kills by friends in the entire game.
 D = Other kills in this place as a percentage of other kills in the entire game.
 E = Experience gained in this place as a percentage of experience gained in the entire game.
 F = Experience gained in this place divided by the number of levels of this place that you have seen.
                   A       B       C       D       E      F
               +-------+-------+-------+-------+-------+----------------------
         Total | 100.0 | 100.0 |  -nan |  -nan | 100.0 |  49.3
       Dungeon | 100.0 | 100.0 |  -nan |  -nan | 100.0 |  49.3
               +-------+-------+-------+-------+-------+----------------------

Vanquished Creatures
  4 adders
  2 giant mites
  A worm (D:2)
  2 giant geckos
  An ooze (D:3)
  5 bats
  7 giant cockroaches
  5 goblins
  A hobgoblin (D:2)
  5 kobolds
  A quokka (D:3)
  5 giant newts
  7 rats
46 creatures vanquished.

Action                   |  1- 3 |  4- 6 || total
-------------------------+-------+-------++-------
Melee: Spear             |   159 |    64 ||   223
 Cast: Infusion          |     7 |     4 ||    11
       Song of Slaying   |     1 |     1 ||     2
       Shroud of Golubri |       |     3 ||     3
  Use: Scroll            |       |     6 ||     6
 Stab: Sleeping          |     1 |       ||     1

Vault maps used:
D:1:      lightli_arrival_quake
D:2:      lemuel_crystal_altar, grunt_ministairs_8, st_stairs_8
D:3:      kennysheep_generic_room_15, uniq_purgy
